[Event "2nd Gujarat Open 2019"]
[Site "Ahmedabad, Gujarat"]
[Date "2019.09.25"]
[Round "5.36"]
[White "Chauhan, Joy"]
[Black "Anadkat Kartavya"]
[Result "0-1"]
[ECO "A01"]
[WhiteElo "1872"]
[BlackElo "2088"]
[Annotator "NA RC"]
[PlyCount "84"]
[EventDate "2019.09.22"]
[EventCountry "IND"]
[SourceTitle "playchess.com"]
[Source "ChessBase"]
[SourceQuality "1"]
[TimeControl "5400+30"]

1. b3 Nf6 2. Bb2 g6 3. c4 Bg7 4. Nf3 O-O 5. e3 d6 6. Be2 e5 7. d4 e4 8. Nfd2 h5 9. Nc3 Re8 10. Qc2 Qe7 11. h3 c6 12. O-O-O d5 13. Kb1 a6 14. cxd5 cxd5 15. Na4 Nc6 16. a3 Be6 17. b4 Nd7 18. Nb3 Rec8 19. Qd2 b5 20. Nac5 Nb6 21. Nxe6 Qxe6 22. Nc5 Qe7 23. Rc1 Nc4 24. Bxc4 bxc4 25. Na4 Rcb8 26. Nc3 Qd7 27. g4 h4 28. f3 exf3 29. Qf2 a5 30. b5 Nb4 31. Qxf3 Nd3 32. Rc2 Rxb5 33. Nxb5 Qxb5 34. Rd1 Rb8 35. Rxd3 cxd3 36. Rf2 Rb7 37. Qd1 Bf8 38. Ka1 Qc4 39. Qc1 Rb3 40. Rd2 a4 41. Qxc4 dxc4 42. Bc1 Bxa3 0-1

[Event "2nd Gujarat Open 2019"]
[Site "Ahmedabad, Gujarat"]
[Date "2019.09.25"]
[Round "6.1"]
[White "Saptarshi, Roy"]
[Black "Vasquez Schroeder, Rodrigo"]
[Result "1/2-1/2"]
[ECO "B50"]
[WhiteElo "2480"]
[BlackElo "2476"]
[Annotator "ChessBase"]
[PlyCount "76"]
[EventDate "2019.09.22"]
[EventType "swiss"]
[EventCountry "IND"]
[SourceTitle "playchess.com"]
[Source "ChessBase"]
[SourceQuality "1"]
[TimeControl "5400+30"]

1. e4 c5 2. Nf3 d6 3. Bc4 Nc6 4. d3 Nf6 5. h3 g6 6. O-O Bg7 7. Bb3 O-O 8. c3 Rb8 9. Re1 b5 10. d4 e5 11. dxc5 dxc5 12. Qxd8 Rxd8 13. Bg5 c4 14. Bc2 h6 15. Be3 Be6 16. Nbd2 Nh5 17. b4 a5 18. a4 axb4 19. axb5 Nd4 20. Ba4 bxc3 21. Nb1 Nxb5 22. Bxb5 Rxb5 23. Nxc3 Rb3 24. Na4 Rc8 25. Nd2 Rd3 26. Nb1 Rc6 27. Nbc3 Nf4 28. Kf1 Bf8 29. Rab1 Bd6 30. Rec1 Ra6 31. h4 Kg7 32. g3 Bh3+ 33. Kg1 Rxa4 34. Nxa4 Ne2+ 35. Kh2 Nxc1 36. Rxc1 Ra3 37. Nb6 Be6 38. Nxc4 Ra6 1/2-1/2

[Event "2nd Gujarat Open 2019"]
[Site "Ahmedabad, Gujarat"]
[Date "2019.09.25"]
[Round "6.2"]
[White "Rozum, Ivan"]
[Black "Lugovskoy, Maxim"]
[Result "1-0"]
[ECO "A13"]
[WhiteElo "2596"]
[BlackElo "2422"]
[Annotator "ChessBase"]
[PlyCount "83"]
[EventDate "2019.09.22"]
[EventType "swiss"]
[EventCountry "IND"]
[SourceTitle "playchess.com"]
[Source "ChessBase"]
[SourceQuality "1"]
[TimeControl "5400+30"]

1. c4 e6 2. Nf3 Nf6 3. b3 Be7 4. Bb2 b6 5. Nc3 Bb7 6. e3 c5 7. g3 O-O 8. Bg2 d5 9. O-O Ne4 10. Qc2 Nxc3 11. Bxc3 Nc6 12. Qb2 f6 13. d4 cxd4 14. exd4 Re8 15. Rfe1 Bf8 16. Nd2 Qd7 17. Nf1 dxc4 18. bxc4 Nd8 19. d5 exd5 20. Rxe8 Qxe8 21. cxd5 Nf7 22. Rd1 Qd7 23. Ne3 Bc5 24. Bd4 Rc8 25. h4 Nd6 26. Kh2 Bxd4 27. Qxd4 f5 28. Qf4 g6 29. h5 Qe7 30. Bf3 Rf8 31. Nc4 Nxc4 32. Qxc4 Qd6 33. Re1 gxh5 34. Qh4 Qf6 35. Qxf6 Rxf6 36. d6 Be4 37. d7 Rd6 38. Rd1 Bd3 39. Be2 Rxd7 40. Rxd3 Rc7 41. Rd2 Rc6 42. Kg2 1-0

[Event "2nd Gujarat Open 2019"]
[Site "Ahmedabad, Gujarat"]
[Date "2019.09.25"]
[Round "6.3"]
[White "Chanda, Sandipan"]
[Black "Das, Sayantan"]
[Result "1/2-1/2"]
[ECO "D02"]
[WhiteElo "2529"]
[BlackElo "2434"]
[Annotator "ChessBase"]
[PlyCount "87"]
[EventDate "2019.09.22"]
[EventType "swiss"]
[EventCountry "IND"]
[SourceTitle "playchess.com"]
[Source "ChessBase"]
[SourceQuality "1"]
[TimeControl "5400+30"]

1. d4 d5 2. Nf3 Nf6 3. Bf4 e6 4. e3 Bd6 5. Nbd2 O-O 6. Bd3 b6 7. Qe2 Bb7 8. O-O c5 9. c3 Qc7 10. Bxd6 Qxd6 11. e4 dxe4 12. Nxe4 Nxe4 13. Bxe4 Bxe4 14. Qxe4 Nd7 15. Rad1 Qc7 16. dxc5 Nxc5 17. Qe5 Rac8 18. Qxc7 Rxc7 19. c4 f6 20. Rd2 e5 21. b3 Kf7 22. Rfd1 Rfc8 23. Ne1 Ne4 24. Rd3 Nc5 25. Rd5 Ne4 26. Rc1 Ke6 27. f3 Nc5 28. Rcd1 Ke7 29. Nc2 Rd7 30. Rxd7+ Nxd7 31. Ne3 g6 32. Kf2 Ke6 33. h4 f5 34. g4 Nf6 35. g5 Nh5 36. a4 Nf4 37. Nd5 Nxd5 38. Rxd5 Rc7 39. a5 Rc5 40. axb6 axb6 41. Rd8 b5 42. Rh8 bxc4 43. bxc4 Rxc4 44. Rxh7 1/2-1/2

[Event "2nd Gujarat Open 2019"]
[Site "Ahmedabad, Gujarat"]
[Date "2019.09.25"]
[Round "6.4"]
[White "Eraschenkov, Denis"]
[Black "Deepan Chakkravarthy J."]
[Result "1/2-1/2"]
[ECO "A14"]
[WhiteElo "2390"]
[BlackElo "2539"]
[Annotator "ChessBase"]
[PlyCount "100"]
[EventDate "2019.09.22"]
[EventType "swiss"]
[EventCountry "IND"]
[SourceTitle "playchess.com"]
[Source "ChessBase"]
[SourceQuality "1"]
[TimeControl "5400+30"]

1. Nf3 Nf6 2. c4 e6 3. g3 d5 4. Bg2 Be7 5. O-O O-O 6. b3 a5 7. Nc3 b6 8. d4 Bb7 9. Bb2 Na6 10. e3 Bb4 11. Qe2 Qe7 12. Rac1 Ne4 13. cxd5 Bxc3 14. Bxc3 exd5 15. Qb2 h5 16. a3 Rad8 17. b4 axb4 18. axb4 b5 19. Ne5 Nd6 20. Ra1 Ra8 21. Ra5 c6 22. Rfa1 Nc7 23. Qe2 g6 24. Nd3 Nc4 25. Ra7 Rxa7 26. Rxa7 Bc8 27. h3 Re8 28. Nc5 Qd6 29. e4 Qd8 30. e5 Ne6 31. Qf3 Ng5 32. Qf4 Bxh3 33. Bd2 Nxd2 34. Qxd2 Bxg2 35. Kxg2 Ne6 36. Nd7 Re7 37. Nf6+ Kg7 38. Ra6 Qc8 39. Ra1 Rb7 40. Rh1 Qh8 41. Rh4 Ra7 42. Qc3 Ra6 43. Qf3 Qh6 44. Ne8+ Kf8 45. Nd6 Ra7 46. Qc3 Ra6 47. Qf3 Ra7 48. Qc3 Ra6 49. Nb7 Ra2 50. Nd6 Ra6 1/2-1/2

[Event "2nd Gujarat Open 2019"]
[Site "Ahmedabad, Gujarat"]
[Date "2019.09.25"]
[Round "6.5"]
[White "Shailesh, Dravid"]
[Black "Rahman, Ziaur"]
[Result "1/2-1/2"]
[ECO "B06"]
[WhiteElo "2299"]
[BlackElo "2492"]
[Annotator "ChessBase"]
[PlyCount "151"]
[EventDate "2019.09.22"]
[EventType "swiss"]
[EventCountry "IND"]
[SourceTitle "playchess.com"]
[Source "ChessBase"]
[SourceQuality "1"]
[TimeControl "5400+30"]

1. e4 g6 2. d4 Bg7 3. Nc3 c6 4. Be3 d5 5. Qd2 dxe4 6. Nxe4 Nd7 7. Nf3 Ngf6 8. Nxf6+ Nxf6 9. Bh6 Bxh6 10. Qxh6 Bg4 11. Qe3 Bxf3 12. gxf3 Qa5+ 13. c3 Nd5 14. Qd2 O-O-O 15. Bc4 e6 16. O-O-O Qc7 17. Kb1 Nb6 18. Bd3 c5 19. dxc5 Qxc5 20. Qe3 Qc7 21. c4 Kb8 22. b3 Rd7 23. h4 h5 24. Rd2 Rhd8 25. Rhd1 Rd4 26. Be4 Rxd2 27. Rxd2 Rxd2 28. Qxd2 f5 29. Bc2 Qe7 30. Qe3 Nd7 31. Qd4 e5 32. Qd5 Nf6 33. Qd2 a6 34. Qg5 Qf7 35. Qe3 Nd7 36. f4 Qf6 37. fxe5 Qxe5 38. Qg5 Qe1+ 39. Kb2 Qe6 40. Kb1 Ka7 41. Qd2 Qe7 42. Qd4+ Kb8 43. a3 Kc7 44. Ka2 Qd6 45. Qe3 Ne5 46. Qc3 Ng4 47. f3 Ne5 48. b4 Nc6 49. b5 axb5 50. cxb5 Qd5+ 51. Bb3 Qxb5 52. Qg7+ Kb8 53. Qxg6 Qe2+ 54. Kb1 Qe1+ 55. Kb2 Qe5+ 56. Ka2 Nd4 57. Bc4 Qh2+ 58. Ka1 Nc2+ 59. Kb2 Ne3+ 60. Kc3 Qc2+ 61. Kd4 Ka7 62. Qd6 Qxc4+ 63. Kxe3 Qxh4 64. Qc5+ Ka6 65. Qxf5 Qe7+ 66. Kf2 Qxa3 67. Qxh5 b5 68. Qh6+ Ka5 69. Qd2+ b4 70. Qd5+ Ka4 71. Qd7+ Kb3 72. Qd3+ Ka2 73. Qc2+ Ka1 74. Qd1+ Kb2 75. Qd2+ Kb1 76. Qd1+ 1/2-1/2

[Event "2nd Gujarat Open 2019"]
[Site "Ahmedabad, Gujarat"]
[Date "2019.09.25"]
[Round "6.6"]
[White "Nguyen, Van Huy"]
[Black "Sahoo, Utkal Ranjan"]
[Result "1/2-1/2"]
[ECO "E10"]
[WhiteElo "2454"]
[BlackElo "2329"]
[Annotator "ChessBase"]
[PlyCount "60"]
[EventDate "2019.09.22"]
[EventType "swiss"]
[EventCountry "IND"]
[SourceTitle "playchess.com"]
[Source "ChessBase"]
[SourceQuality "1"]
[TimeControl "5400+30"]

1. d4 Nf6 2. c4 e6 3. Nf3 d5 4. g3 Bb4+ 5. Nbd2 O-O 6. Bg2 dxc4 7. O-O b5 8. a3 Be7 9. b3 cxb3 10. Qxb3 a6 11. Bb2 Bb7 12. a4 b4 13. Rfd1 Nbd7 14. Nc4 a5 15. Rac1 Ra6 16. Nfd2 Bxg2 17. Kxg2 c5 18. Qf3 cxd4 19. Bxd4 Qa8 20. Nb3 Nd5 21. Ne3 Nxe3+ 22. Bxe3 Qxf3+ 23. exf3 Nf6 24. Bg5 h6 25. Bxf6 Bxf6 26. Rc7 Raa8 27. Rdd7 Rad8 28. Rxd8 Rxd8 29. Nxa5 Ra8 30. Rc5 b3 1/2-1/2

[Event "2nd Gujarat Open 2019"]
[Site "Ahmedabad, Gujarat"]
[Date "2019.09.25"]
[Round "6.7"]
[White "Zia, Tahsin Tajwar"]
[Black "Neelotpal, Das"]
[Result "1/2-1/2"]
[ECO "A45"]
[WhiteElo "2142"]
[BlackElo "2433"]
[Annotator "NA"]
[PlyCount "61"]
[EventDate "2019.09.22"]
[EventType "swiss"]
[EventCountry "IND"]
[SourceTitle "playchess.com"]
[Source "ChessBase"]
[SourceQuality "1"]
[TimeControl "5400+30"]

1. d4 Nf6 2. Bf4 d6 3. Nf3 g6 4. e3 Bg7 5. h3 b6 6. Be2 Bb7 7. O-O Nbd7 8. Bh2 O-O 9. a4 a6 10. c4 a5 11. Nc3 Re8 12. Rc1 e5 13. Nb5 exd4 14. exd4 Ne4 15. Re1 Re7 16. Bd3 Ndf6 17. Nd2 Qd7 18. Nxe4 Nxe4 19. f3 Ng5 20. d5 f5 21. Qd2 Nf7 22. Rxe7 Qxe7 23. Re1 Qd7 24. f4 c6 25. dxc6 Qxc6 26. Bf1 Re8 27. Rxe8+ Qxe8 28. Bg3 Qd8 29. b3 d5 30. Bf2 Bf8 31. cxd5 1/2-1/2

[Event "2nd Gujarat Open 2019"]
[Site "Ahmedabad, Gujarat"]
[Date "2019.09.25"]
[Round "6.8"]
[White "Himanshu, Sharma"]
[Black "Rathnakaran, K.."]
[Result "1-0"]
[ECO "C05"]
[WhiteElo "2408"]
[BlackElo "2325"]
[Annotator "NA"]
[PlyCount "83"]
[EventDate "2019.09.22"]
[EventType "swiss"]
[EventCountry "IND"]
[SourceTitle "playchess.com"]
[Source "ChessBase"]
[SourceQuality "1"]
[TimeControl "5400+30"]

1. e4 e6 2. d4 d5 3. Nd2 Nf6 4. e5 Nfd7 5. c3 c5 6. f4 Nc6 7. Ndf3 Be7 8. Bd3 cxd4 9. cxd4 Qa5+ 10. Kf1 f6 11. g3 Nf8 12. Kg2 Bd7 13. Ne2 h5 14. a3 h4 15. Be3 h3+ 16. Kf2 Qb6 17. b4 a5 18. b5 Nd8 19. Nc3 Nf7 20. Na4 Qd8 21. Nc5 b6 22. Nxd7 Qxd7 23. g4 Nh6 24. Rg1 f5 25. g5 Ng4+ 26. Ke2 Rc8 27. Qb3 Kf7 28. Rac1 Ng6 29. Rxc8 Rxc8 30. Bd2 Qd8 31. Rg3 Nxh2 32. Nxh2 Qh8 33. Bb1 a4 34. Qd3 Qh4 35. Qf3 Rh8 36. Kf1 Ke8 37. Bc2 Kd7 38. Bxa4 Qh7 39. Bd1 Ke8 40. a4 Kf7 41. Bc2 Nh4 42. Qb3 1-0

[Event "2nd Gujarat Open 2019"]
[Site "Ahmedabad, Gujarat"]
[Date "2019.09.25"]
[Round "6.9"]
[White "Kiran, Manisha Mohanty"]
[Black "Karthikeyan, P.."]
[Result "0-1"]
[ECO "B06"]
[WhiteElo "2102"]
[BlackElo "2408"]
[Annotator "NA"]
[PlyCount "80"]
[EventDate "2019.09.22"]
[EventType "swiss"]
[EventCountry "IND"]
[SourceTitle "playchess.com"]
[Source "ChessBase"]
[SourceQuality "1"]
[TimeControl "5400+30"]

1. e4 g6 2. d4 Bg7 3. Nc3 d6 4. Be3 a6 5. Qd2 b5 6. Bd3 Nd7 7. a4 b4 8. Nce2 Ngf6 9. h3 Bb7 10. Ng3 h5 11. h4 c5 12. c3 Ng4 13. Nf3 bxc3 14. bxc3 Nxe3 15. Qxe3 Qa5 16. Qd2 Bh6 17. Qb2 cxd4 18. O-O Rb8 19. Nxd4 Bxe4 20. Bb5 Ba8 21. Bxd7+ Kxd7 22. Qc2 Rhc8 23. Nde2 Qd5 24. f3 Qd2 25. Qxd2 Bxd2 26. Rfb1 Be3+ 27. Kf1 Bc6 28. Ke1 Rxb1+ 29. Rxb1 Bxa4 30. Nf1 Ba7 31. Nd2 Bc6 32. Ra1 Bb5 33. c4 Bxc4 34. Nxc4 Rxc4 35. Rxa6 Be3 36. g3 e5 37. Ra3 Bc5 38. Ra8 Rb4 39. Rf8 Ke7 40. Rh8 Rb3 0-1

[Event "2nd Gujarat Open 2019"]
[Site "Ahmedabad, Gujarat"]
[Date "2019.09.25"]
[Round "6.10"]
[White "Murshed, Niaz"]
[Black "Pranav Vijay"]
[Result "1/2-1/2"]
[ECO "E16"]
[WhiteElo "2405"]
[BlackElo "2265"]
[Annotator "NA"]
[PlyCount "74"]
[EventDate "2019.09.22"]
[EventType "swiss"]
[EventCountry "IND"]
[SourceTitle "playchess.com"]
[Source "ChessBase"]
[SourceQuality "1"]
[TimeControl "5400+30"]

1. d4 Nf6 2. c4 e6 3. Nf3 b6 4. g3 Bb7 5. Bg2 Bb4+ 6. Nbd2 O-O 7. O-O Bxd2 8. Bxd2 d6 9. Bc3 Nbd7 10. Qc2 c5 11. Rad1 Qc7 12. dxc5 bxc5 13. Ne1 Bxg2 14. Nxg2 a5 15. Rd2 a4 16. Rfd1 Ra6 17. Ne3 Rb8 18. f3 h5 19. Kg2 Rbb6 20. h4 Qd8 21. Kf2 Qe7 22. Rd3 Ne8 23. Ng2 Rb7 24. R3d2 Ndf6 25. Ne3 Rd7 26. Kg2 Rd8 27. Kf2 Qc7 28. Rd3 Raa8 29. Qd2 Qe7 30. Be5 Ra6 31. Bc3 Rb8 32. Qc2 Rb7 33. R3d2 Ra8 34. Kg2 Nd7 35. Qe4 Ndf6 36. Qc2 Nd7 37. Bf6 Ndxf6 1/2-1/2

[Event "2nd Gujarat Open 2019"]
[Site "Ahmedabad, Gujarat"]
[Date "2019.09.25"]
[Round "6.11"]
[White "Liyanage, Ranindu Dilshan"]
[Black "Hesham, Abdelrahman"]
[Result "0-1"]
[ECO "B56"]
[WhiteElo "1956"]
[BlackElo "2396"]
[Annotator "NA"]
[PlyCount "96"]
[EventDate "2019.09.22"]
[EventType "swiss"]
[EventCountry "IND"]
[SourceTitle "playchess.com"]
[Source "ChessBase"]
[SourceQuality "1"]
[TimeControl "5400+30"]

1. e4 c5 2. Nf3 d6 3. d4 cxd4 4. Nxd4 Nf6 5. Nc3 e5 6. Nb3 Be6 7. Bg5 Be7 8. Bxf6 Bxf6 9. Nd5 O-O 10. g3 Nd7 11. Bg2 Rc8 12. O-O Nb6 13. Qe2 Nxd5 14. exd5 Bf5 15. c4 b5 16. c5 dxc5 17. Qxb5 c4 18. Na5 Bd3 19. Nc6 Qd7 20. Rfe1 Rfe8 21. Be4 Rb8 22. Qc5 Rxb2 23. Rad1 Re2 24. Rxe2 Bxe2 25. Rd2 Qg4 26. Qe3 Bd3 27. Bxd3 cxd3 28. Rxd3 e4 29. f3 Qf5 30. fxe4 Rxe4 31. Qf3 Qxf3 32. Rxf3 Kf8 33. Ra3 Bd4+ 34. Kg2 Bc5 35. Rc3 Bb6 36. Kf3 f5 37. Ra3 g5 38. Nxa7 g4+ 39. Kg2 Re2+ 40. Kf1 Rf2+ 41. Ke1 Rxh2 42. Nc6 f4 43. Ne5 fxg3 44. Nd7+ Ke7 45. Nxb6 Rh1+ 46. Ke2 g2 47. d6+ Kxd6 48. Nc4+ Kc5 0-1

[Event "2nd Gujarat Open 2019"]
[Site "Ahmedabad, Gujarat"]
[Date "2019.09.25"]
[Round "6.12"]
[White "Alekhya Mukhopadhyay"]
[Black "Manush Shah"]
[Result "0-1"]
[ECO "B12"]
[WhiteElo "1706"]
[BlackElo "2352"]
[Annotator "NA"]
[PlyCount "54"]
[EventDate "2019.09.22"]
[EventType "swiss"]
[EventCountry "IND"]
[SourceTitle "playchess.com"]
[Source "ChessBase"]
[SourceQuality "1"]
[TimeControl "5400+30"]

1. e4 c6 2. d4 d5 3. f3 dxe4 4. fxe4 e5 5. Nf3 Bg4 6. c3 Nd7 7. Bc4 Bh5 8. O-O Ngf6 9. Qe1 Bd6 10. Bg5 Qc7 11. Nbd2 h6 12. Bxf6 gxf6 13. d5 cxd5 14. Bxd5 f5 15. Kh1 f4 16. Qe2 O-O-O 17. Rfc1 Nf6 18. c4 Bc5 19. Nf1 Ng4 20. h3 Nf2+ 21. Kh2 Rhg8 22. N1d2 Rg3 23. Qf1 Rdg8 24. Ng1 Qe7 25. Ndf3 Bxf3 26. Nxf3 Rxf3 27. gxf3 Qh4 0-1

[Event "2nd Gujarat Open 2019"]
[Site "Ahmedabad, Gujarat"]
[Date "2019.09.25"]
[Round "6.13"]
[White "Vlassov, Nikolai"]
[Black "Bharat Kumar Reddy Poluri"]
[Result "0-1"]
[ECO "C01"]
[WhiteElo "2384"]
[BlackElo "2304"]
[Annotator "NA"]
[PlyCount "170"]
[EventDate "2019.09.22"]
[EventType "swiss"]
[EventCountry "IND"]
[SourceTitle "playchess.com"]
[Source "ChessBase"]
[SourceQuality "1"]
[TimeControl "5400+30"]

1. e4 e6 2. d4 d5 3. exd5 exd5 4. Nf3 Nf6 5. c4 Bb4+ 6. Nc3 O-O 7. Bd3 dxc4 8. Bxc4 Bg4 9. O-O Bxf3 10. Qxf3 Qxd4 11. Qxb7 Qxc4 12. Qxa8 Bd6 13. Qf3 Bxh2+ 14. Kxh2 Qxf1 15. Rb1 Qc4 16. Bf4 c5 17. Rd1 Nbd7 18. Rd6 Re8 19. b3 Qf1 20. Nd5 h5 21. Ne3 Qb1 22. Ra6 Ne5 23. Bxe5 Rxe5 24. Rxa7 Rxe3 25. fxe3 Ng4+ 26. Kg3 Qe1+ 27. Kf4 Qb4+ 28. Kg5 f6+ 29. Kxh5 g6+ 30. Kxg6 Ne5+ 31. Kxf6 Nxf3 32. Ra8+ Kh7 33. gxf3 Qc3+ 34. Kf5 Qxe3 35. Ra4 Qxf3+ 36. Ke5 Qd3 37. Ke6 Kg7 38. Ra7+ Kg6 39. Ra4 Qd1 40. Ke5 Kf7 41. Ke4 Qd2 42. Ra7+ Ke6 43. Ra6+ Kd7 44. Ra7+ Kc6 45. Ra8 Kb7 46. Ra4 Kb6 47. Kf3 Qd3+ 48. Kf2 Kb5 49. Ke1 Qc2 50. Ra7 Qd3 51. Ra4 Kb6 52. Kf2 Kb7 53. Rc4 Qd2+ 54. Kf3 Qxa2 55. Rxc5 Qxb3+ 56. Ke4 Kb6 57. Rg5 Kc6 58. Rg6+ Kc5 59. Rg5+ Kc4 60. Rg4 Qd3+ 61. Ke5+ Kc5 62. Rg5 Qe3+ 63. Kf6+ Kd6 64. Kf5 Qf3+ 65. Kg6 Ke6 66. Ra5 Qd3+ 67. Kh5 Kf6 68. Kg4 Qe2+ 69. Kh3 Kg6 70. Ra3 Qf1+ 71. Kg3 Qe1+ 72. Kf3 Kf5 73. Kg2 Qd2+ 74. Kh3 Kg5 75. Rg3+ Kh5 76. Ra3 Qd1 77. Ra5+ Kg6 78. Ra3 Kg5 79. Kg2 Kf4 80. Kh2 Qd6 81. Rg3 Qe5 82. Kg2 Qe2+ 83. Kh3 Qf1+ 84. Kh2 Qf2+ 85. Kh1 Ke5 0-1

[Event "2nd Gujarat Open 2019"]
[Site "Ahmedabad, Gujarat"]
[Date "2019.09.25"]
[Round "6.14"]
[White "Manik, Mikulas"]
[Black "Sanket Chakravarty"]
[Result "1-0"]
[ECO "B45"]
[WhiteElo "2375"]
[BlackElo "2158"]
[Annotator "NA"]
[PlyCount "49"]
[EventDate "2019.09.22"]
[EventType "swiss"]
[EventCountry "IND"]
[SourceTitle "playchess.com"]
[Source "ChessBase"]
[SourceQuality "1"]
[TimeControl "5400+30"]

1. e4 c5 2. Nf3 e6 3. d4 cxd4 4. Nxd4 Nc6 5. Nc3 Nf6 6. Be2 Bb4 7. O-O Bxc3 8. bxc3 Nxe4 9. Qd3 d5 10. Ba3 Ne7 11. c4 O-O 12. cxd5 exd5 13. c4 Nf6 14. cxd5 Nfxd5 15. Bf3 Re8 16. Rad1 Bd7 17. Nb5 Bc6 18. Nd6 Rf8 19. Nf5 Ng6 20. Bxd5 Nf4 21. Qc4 Nxd5 22. Bxf8 Qg5 23. Rxd5 Rxf8 24. Re1 Bxd5 25. Qxd5 1-0

[Event "2nd Gujarat Open 2019"]
[Site "Ahmedabad, Gujarat"]
[Date "2019.09.25"]
[Round "6.15"]
[White "Soham Datar"]
[Black "Konguvel, Ponnuswamy"]
[Result "0-1"]
[ECO "E68"]
[WhiteElo "2160"]
[BlackElo "2374"]
[Annotator "NA"]
[PlyCount "114"]
[EventDate "2019.09.22"]
[EventType "swiss"]
[EventCountry "IND"]
[SourceTitle "playchess.com"]
[Source "ChessBase"]
[SourceQuality "1"]
[TimeControl "5400+30"]

1. c4 g6 2. Nc3 Bg7 3. d4 Nf6 4. g3 O-O 5. Bg2 d6 6. Nf3 Nbd7 7. O-O e5 8. e4 exd4 9. Nxd4 Re8 10. h3 Nc5 11. Re1 Bd7 12. Rb1 h6 13. Qc2 Nfxe4 14. Nxe4 Bxd4 15. Bxh6 Nxe4 16. Bxe4 Qf6 17. Be3 Bxe3 18. Rxe3 Bxh3 19. Rbe1 Kg7 20. a4 c6 21. a5 Re7 22. Bg2 Bf5 23. Qb3 Rae8 24. a6 Rxe3 25. Rxe3 Rxe3 26. fxe3 bxa6 27. Bxc6 Qe5 28. Kf2 Bh3 29. Bf3 Be6 30. Qc2 a5 31. b3 Qa1 32. Qd2 a4 33. bxa4 Bxc4 34. Qd4+ Qxd4 35. exd4 a5 36. Bc6 Kf6 37. Ke3 Ke6 38. Kf4 Bd5 39. Be8 Bb7 40. g4 Ke7 41. Bb5 f6 42. g5 fxg5+ 43. Kxg5 Ke6 44. Kxg6 Kd5 45. Kf5 Kxd4 46. Kf4 Kc5 47. Ke3 Bc6 48. Bxc6 Kxc6 49. Kd4 d5 50. Kd3 Kc5 51. Kc3 d4+ 52. Kd3 Kd5 53. Kd2 Kc4 54. Kc2 Kb4 55. Kd3 Kxa4 56. Kc4 Ka3 57. Kxd4 Kb3 0-1

[Event "2nd Gujarat Open 2019"]
[Site "Ahmedabad, Gujarat"]
[Date "2019.09.25"]
[Round "6.16"]
[White "Sidhant, Mohapatra"]
[Black "Anustoop Biswas"]
[Result "1-0"]
[ECO "A06"]
[WhiteElo "2357"]
[BlackElo "2154"]
[Annotator "NA"]
[PlyCount "109"]
[EventDate "2019.09.22"]
[EventType "swiss"]
[EventCountry "IND"]
[SourceTitle "playchess.com"]
[Source "ChessBase"]
[SourceQuality "1"]
[TimeControl "5400+30"]

1. Nf3 d5 2. c4 c6 3. e3 Nf6 4. Nc3 e6 5. b3 Nbd7 6. Qc2 Bd6 7. d4 a6 8. Be2 c5 9. cxd5 exd5 10. O-O O-O 11. Rd1 b5 12. dxc5 Nxc5 13. Ba3 Bb7 14. Nxb5 axb5 15. Bxc5 Rc8 16. b4 Ne4 17. Qb2 Nxc5 18. bxc5 Rxc5 19. a4 d4 20. Qxd4 Rd5 21. Qa7 Rxd1+ 22. Rxd1 Bxf3 23. Bxf3 Bb8 24. Rxd8 Bxa7 25. Rd7 Rc8 26. g3 Bc5 27. axb5 Rb8 28. Bc6 Kf8 29. Kf1 Be7 30. Ke2 f5 31. Kf3 Kf7 32. e4 g6 33. exf5 gxf5 34. Ra7 Kf6 35. Bd7 Bc5 36. Ra6+ Ke7 37. Bc6 Bb6 38. Ra4 Rd8 39. Ke2 Bd4 40. Rb4 Rd6 41. Rb3 Bb6 42. Ra3 Rd8 43. Ra6 Rb8 44. h3 Kd6 45. Ra4 Bd8 46. Rd4+ Ke6 47. f4 Be7 48. Bd7+ Kf7 49. Rd5 Rd8 50. b6 Rb8 51. Rb5 h5 52. Bxf5 Bd6 53. b7 h4 54. Bc8 hxg3 55. Kf3 1-0

[Event "2nd Gujarat Open 2019"]
[Site "Ahmedabad, Gujarat"]
[Date "2019.09.25"]
[Round "6.17"]
[White "Neelash Saha"]
[Black "Pimpalkhare Vedant"]
[Result "1-0"]
[ECO "A05"]
[WhiteElo "2334"]
[BlackElo "2104"]
[Annotator "NA"]
[PlyCount "103"]
[EventDate "2019.09.22"]
[EventType "swiss"]
[EventCountry "IND"]
[SourceTitle "playchess.com"]
[Source "ChessBase"]
[SourceQuality "1"]
[TimeControl "5400+30"]

1. Nf3 Nf6 2. e3 b6 3. c4 Bb7 4. Nc3 e6 5. Be2 c5 6. b3 Nc6 7. O-O Be7 8. d4 cxd4 9. Nxd4 O-O 10. Bf3 a6 11. Bb2 Qc7 12. Rc1 Ne5 13. Bxb7 Qxb7 14. Qe2 d6 15. Rfd1 Rfd8 16. e4 Ng6 17. Qf3 Rac8 18. Re1 Rd7 19. Rcd1 Rcd8 20. h3 Ne5 21. Qe2 Ng6 22. Nf3 Nh5 23. g3 Nf6 24. h4 h5 25. Ng5 Ng4 26. Nh3 Bf6 27. f3 N4e5 28. Nf2 b5 29. f4 Nc6 30. cxb5 axb5 31. Rd2 b4 32. Na4 Bxb2 33. Rxb2 Ra8 34. Qxh5 Ra5 35. Qg4 Nge7 36. Rd2 d5 37. Red1 d4 38. Nd3 Rd8 39. Rc1 f5 40. Qe2 e5 41. Nac5 Qa7 42. exf5 Nxf5 43. Qe4 Nce7 44. g4 Nxh4 45. Rh2 Nhg6 46. f5 Nf8 47. Nb7 Qa8 48. Qh1 Ra7 49. Rh8+ Kf7 50. Nxd8+ Qxd8 51. Nxe5+ Kf6 52. Re1 1-0

[Event "2nd Gujarat Open 2019"]
[Site "Ahmedabad, Gujarat"]
[Date "2019.09.25"]
[Round "6.18"]
[White "Jay Kundaliya"]
[Black "Souhardo Basak"]
[Result "0-1"]
[ECO "E81"]
[WhiteElo "2097"]
[BlackElo "2301"]
[Annotator "NA"]
[PlyCount "150"]
[EventDate "2019.09.22"]
[EventType "swiss"]
[EventCountry "IND"]
[SourceTitle "playchess.com"]
[Source "ChessBase"]
[SourceQuality "1"]
[TimeControl "5400+30"]

1. d4 Nf6 2. c4 g6 3. Nc3 Bg7 4. e4 d6 5. f3 O-O 6. Be3 Nbd7 7. Bd3 c5 8. d5 Ne5 9. Nge2 e6 10. dxe6 Bxe6 11. b3 b5 12. Nxb5 Nfg4 13. fxg4 Nxd3+ 14. Qxd3 Bxa1 15. O-O Be5 16. h3 Qd7 17. Bh6 Rfe8 18. Bg5 h6 19. Bxh6 f6 20. Bf4 Rad8 21. Nbc3 Kg7 22. Be3 g5 23. Rf3 Bf7 24. Nd1 Bg6 25. Nf2 Qb7 26. Bd2 Re6 27. Bc3 Rd7 28. g3 Re8 29. Kg2 Red8 30. Qe3 a5 31. h4 gxh4 32. gxh4 Re8 33. h5 Bh7 34. Ng3 Rde7 35. g5 fxg5 36. Qxg5+ Kh8 37. h6 Bxc3 38. Rxc3 Re6 39. Rf3 Rg8 40. Qd2 Bxe4 41. Nfxe4 Qxe4 42. Kf2 Qe5 43. Qxa5 Qb2+ 44. Kf1 Qc1+ 45. Kf2 Qb2+ 46. Kf1 Qc1+ 47. Kf2 Rxh6 48. Qc3+ Qxc3 49. Rxc3 Rh2+ 50. Kf3 Rxa2 51. Rd3 Rg6 52. Nf5 Rf6 53. Ke4 Re2+ 54. Re3 Rf2 55. Rh3+ Kg8 56. Ne7+ Kf7 57. Nd5 Re6+ 58. Kd3 Ree2 59. Rh7+ Kg6 60. Rd7 Re6 61. Nc7 Ree2 62. Rxd6+ Kf5 63. Nd5 Ke5 64. Rc6 Rd2+ 65. Kc3 Rc2+ 66. Kd3 Rfd2+ 67. Ke3 Rh2 68. Kd3 Rb2 69. Kc3 Rhc2+ 70. Kd3 Rc1 71. Rxc5 Rxb3+ 72. Kd2 Rh1 73. Rc7 Kd4 74. Kc2 Rhb1 75. Nc3 R3b2# 0-1

[Event "2nd Gujarat Open 2019"]
[Site "Ahmedabad, Gujarat"]
[Date "2019.09.25"]
[Round "6.19"]
[White "Srija, Seshadri"]
[Black "Thanki, Hemal Karsanji"]
[Result "0-1"]
[ECO "B12"]
[WhiteElo "2270"]
[BlackElo "2098"]
[Annotator "NA"]
[PlyCount "121"]
[EventDate "2019.09.22"]
[EventType "swiss"]
[EventCountry "IND"]
[SourceTitle "playchess.com"]
[Source "ChessBase"]
[SourceQuality "1"]
[TimeControl "5400+30"]

1. e4 c6 2. d4 g6 3. Nc3 d6 4. f4 d5 5. e5 h5 6. Nf3 Nh6 7. Be3 Qb6 8. Na4 Qa5+ 9. c3 Bg4 10. Be2 e6 11. Nc5 Nf5 12. Bf2 Nd7 13. b4 Qc7 14. h3 Bxf3 15. Bxf3 h4 16. O-O Nxc5 17. dxc5 Bh6 18. Qc1 f6 19. Bd4 fxe5 20. Bxe5 Qxe5 21. fxe5 Bxc1 22. Raxc1 a5 23. a3 Kd7 24. Bg4 axb4 25. axb4 Rhf8 26. Rfe1 Ra2 27. c4 Rb2 28. b5 Ra8 29. cxd5 exd5 30. bxc6+ bxc6 31. Ra1 Rxa1 32. Rxa1 Rc2 33. Ra7+ Ke6 34. Rg7 Kxe5 35. Rxg6 Ng3 36. Rxc6 Kd4 37. Bd1 Rc1 38. Kf2 Rxd1 39. Kf3 Ne4 40. Rh6 Rd3+ 41. Kf4 Rg3 42. Rxh4 Rxg2 43. c6 Rf2+ 44. Kg4 Rc2 45. Rh6 Ke5 46. Rh5+ Ke6 47. Rh6+ Ke5 48. Rh5+ Kd6 49. Rh6+ Kc7 50. Kf4 Rxc6 51. Rh8 Re6 52. h4 Nd6 53. h5 Re4+ 54. Kf3 Kd7 55. h6 Nf7 56. Ra8 Rh4 57. Kg3 Rxh6 58. Kf4 Rf6+ 59. Ke3 Kd6 60. Ra7 Ne5 61. Kd4 0-1